 Dungeon Crawl Stone Soup version 0.31-a0-459-gc8a9bf3d51 (webtiles) character file.

Game seed: 10092423849767351036

745 Ethylacetat the Insei (level 7, -4/4 HPs)
             Began as a Vine Stalker Monk on Aug 4, 2023.
             Killed from afar by Dowan (5 damage)
             ... with a stone arrow
             ... on level 4 of the Dungeon.
             The game lasted 00:04:23 (2761 turns).

Ethylacetat the Insei (Vine Stalker Monk)           Turns: 2761, Time: 00:04:25

Health: -4/4       AC: 29    Str: 13    XL:     7   Next: 76%
Magic:  0/13       EV: 13    Int: 10    God:
Gold:   188        SH:  0    Dex: 19    Spells: 13/13 levels left

rFire   . .          .
                       - Unarmed
rCold   . . .        c - orb {light}
rNeg    + . .        a - melded +0 robe
rPois   ∞            n - +1 helmet
rElec   +            (no cloak)
rCorr   .            (gloves currently unavailable)
SInv    .            (boots currently unavailable)
Will    .....        (no amulet)
Stlth   +            (no ring)
HPRegen 1.00/turn    (no ring)
MPRegen 0.13/turn

%: guardian spirit
@: statue-form, glowing, very slow
A: slow and powerful, torment resistance 1, reduced hp, fangs 2, regeneration 1,
magic shield, antimagic bite, no potion heal 2
a: Begin Untransformation


You were on level 4 of the Dungeon.
You were a living statue of rough stone.
You visited 1 branch of the dungeon, and saw 4 of its levels.

You collected 188 gold pieces.

Inventory:

Armour
 a - a +0 robe (melded)
 c - an orb of light (worn)
 n - a +1 helmet (worn)
Talismans
 m - a granite talisman (active)
Wands
 k - a wand of iceblast (3)
Scrolls
 g - a scroll of vulnerability {unknown}
 h - a scroll of teleportation {unknown}
 i - 4 scrolls of poison {unknown}
 l - a scroll of immolation {unknown}
 o - a scroll of amnesia {unknown}
 q - a scroll of fear {unknown}
 s - a scroll of enchant armour {unknown}
 t - a scroll of torment {unknown}
 u - a scroll of identify {unknown}
 v - a scroll of acquirement {unknown}
Potions
 b - a potion of ambrosia
 d - a potion of haste {unknown}
 e - a potion of attraction {unknown}
 f - a potion of lignification {unknown}
 j - 3 potions of curing {unknown}
 p - a potion of invisibility {unknown}
 r - 4 potions of resistance {unknown}
 w - a potion of degeneration {unknown}


   Skills:
 + Level 4.5 Fighting
 - Level 2.4 Dodging
 + Level 4.9 Unarmed Combat
 + Level 3.8 Spellcasting
 * Level 3.5 Shapeshifting


You had 13 spell levels left.
You didn't know any spells.
Your spell library contained the following spells:

 Spells                   Type           Power      Damage    Failure   Level
 Summon Small Mammal      Summ           4%         N/A       26%         1
 Ignite Poison            Fire/Tmut/Pois 1%         N/A       61%         3
 Summon Lightning Spire   Summ/Air       1%         N/A       95%         4
 Dragon's Call            Summ           0%         N/A       100%        9


Dungeon Overview and Level Annotations

Branches:
Dungeon (4/15)
 Temple: D:4-7

Altars:
Hepliaklqana
Trog
Vehumet
The Shining One

Annotations:
D:4 Dowan


Innate Abilities, Weirdness & Mutations

You are a living statue of rough stone.
Your actions are slow, but your melee attacks are powerful.
You are resistant to unholy torment.
Your maximum health is decreased, since you lack skill for your form.
Your equipment is partially melded.
You are immune to poison.
You have extremely sharp teeth.
Your natural rate of healing is unusually fast.
When hurt, damage is shared between your health and your magic reserves.
Your bite disrupts and absorbs the magic of your enemies.
Potions cannot restore your health.


Message History

Duvessa completely misses you.
A kobold comes into view. It is wielding a +0 short sword.
Dowan mumbles some strange words.
Dowan blinks!
Duvessa hits you but does no damage.
The kobold shouts!
You hit Duvessa but do no damage.
Duvessa is severely wounded.
Duvessa hits you with a +0 short sword. Duvessa closely misses you.
Unknown command.
You hit Duvessa but do no damage. You bite Duvessa, but do no damage.
Duvessa is severely wounded.
Duvessa hits you but does no damage. The goblin hits you but does no damage.
Duvessa barely misses you.
You hit Duvessa but do no damage. You bite Duvessa. You drain her power.
You feel invigorated.
Duvessa is severely wounded.
Duvessa hits you but does no damage. The goblin hits you but does no damage.
Duvessa hits you but does no damage. The goblin hits you but does no damage.
You hit Duvessa but do no damage.
Duvessa is severely wounded.
Duvessa closely misses you. The goblin hits you but does no damage.
Duvessa hits you but does no damage.
You hit Duvessa. You bite Duvessa, but do no damage.
Duvessa is severely wounded.
Duvessa hits you but does no damage. The goblin misses you.
Duvessa hits you with a +0 short sword.
You pummel Duvessa!!
You kill Duvessa!
Dowan screams, "No!
Oh no!"
Dowan seems to find hidden reserves of power!
The goblin closely misses you.
Dowan hits you with a +6 dagger of electrocution!
Ouch! That really hurt!
* * * LOW HITPOINT WARNING * * *
The goblin barely misses you.
Dowan shakes with grief.
Dowan points at you and mumbles some strange words.
The stone arrow hits you!
Ouch! That really hurt!
You die...

#. #####..###.##.
..###.####..###+###.##.
.....................##
?...................##.
.................##..
................#...
#.K###..##+###.....
#..###ge####'##..####...
.......8.........# .##..
.................# ..##.
#..############.## ..###
# ###..##.####.###..##.
.....................
#..........†........
#...........†.......
#.....†..........<..
##..##.#######..###.


You could see Dowan (fast), a goblin and a kobold.

Vanquished Creatures
  Grinder (D:3)
  Duvessa (D:4)
  A black bear (D:4)
  Blork the orc (D:4)
  An orc priest (D:3)
  4 hounds (D:4)
  Jessica (D:3)
  An iguana (D:4)
  3 gnolls (D:3)
  7 adders
  2 worms
  A dart slug (D:2)
  14 orcs
  7 endoplasms
  3 giant cockroaches
  3 goblins
  4 hobgoblins
  4 jackals (D:2)
  9 quokkas
  8 ball pythons
  7 bats
  5 frilled lizards
  8 kobolds
  2 rats (D:3)
98 creatures vanquished.

Notes
Turn   | Place    | Note
-------+----------+-------------------------------------------
     0 | D:1      | Ethylacetat the Vine Stalker Monk began the quest for the
                  | Orb.
     0 | D:1      | Reached XP level 1. HP: 11/11 MP: 2/2
    60 | D:1      | You fall into a shaft and drop 1 floor!
    60 | D:2      | Found a glowing golden altar of the Shining One.
    77 | D:2      | Reached XP level 2. HP: 5/16 MP: 2/4
   190 | D:2      | Reached skill level 1 in Spellcasting
   230 | D:1      | Reached XP level 3. HP: 20/20 MP: 5/5
  1259 | D:2      | Gained mutation: Your natural rate of healing is unusually
                  | fast. [Vine Stalker growth]
  1259 | D:2      | Reached XP level 4. HP: 24/24 MP: 7/7
  1717 | D:3      | Found a radiant altar of Vehumet.
  1806 | D:3      | Noticed Grinder
  1808 | D:3      | Paralysed by Grinder for 2 turns
  1815 | D:3      | Killed Grinder
  1816 | D:3      | Reached XP level 5. HP: 3/29 MP: 1/10
  1816 | D:3      | Reached XP level 6. HP: 4/33 MP: 1/11
  1986 | D:3      | Got Sif Muna's Parchment of Evolving Mustering
  2185 | D:3      | Noticed Jessica
  2186 | D:3      | Killed Jessica
  2462 | D:4      | Found a hazy altar of Hepliaklqana.
  2530 | D:4      | Reached XP level 7. HP: 4/37 MP: 12/12
  2689 | D:4      | Noticed Blork the orc
  2703 | D:4      | Killed Blork the orc
  2727 | D:4      | Found a bloodstained altar of Trog.
  2749 | D:4      | Noticed Dowan
  2750 | D:4      | Noticed Duvessa
  2761 | D:4      | Killed Duvessa
  2761 | D:4      | Killed from afar by Dowan

Illustrated notes

Levels and vault maps discovered:
D:1:      scummos_arrival_gate, layout_loops_ring
D:2:      layout_basic, basic_altar
D:3:      layout_basic, vehumet_crystals, kennysheep_jessica_study, uniq_grinder
D:4:      layout_gridville, lemuel_round_altar,
          nicolae_hepliaklqana_hazy_memory, minmay_misc_feat_square,
          kennysheep_generic_room_11, uniq_blork_the_orc, uniq_duvessa

Skill      XL: |  1  2  3  4  5  6  7 |
---------------+----------------------+-----
Fighting       | 3 4 |  4.5
Spellcasting   | 1 2 3 |  3.8
Unarmed Combat | 4 |  4.9
Shapeshifting  | 2 3 |  3.5
Dodging        | |  2.4

Action                     |  1- 3 |  4- 6 |  7- 9 || total
---------------------------+-------+-------+-------++-------
  Melee: Short sword       |    69 |    13 |       ||    82
         Bite              |    15 |    17 |    14 ||    46
         Unarmed           |     3 |    71 |    43 ||   117
  Evoke: Wand              |       |       |     2 ||     2
 Armour: Robe              |    21 |     4 |       ||    25
         Skin              |       |    41 |    43 ||    84
  Dodge: Dodged            |    58 |    57 |    60 ||   175
   Form: Statue            |       |     1 |       ||     1

Table legend: (Time is in decaauts)
 A = Elapsed time spent in this place.
 B = Non-inter-level travel time spent in this place.
 C = Inter-level travel time spent in this place.
 D = Time resting spent in this place.
 E = Time spent auto-exploring this place.
 F = Levels seen in this place.
 G = Mean time per level.
                   A        B        C        D        E       F      G
               +--------+--------+--------+--------+--------+-----+--------+
         Total |   3395 |   3213 |    182 |      8 |   2620 |   4 |  848.8 |
       Dungeon |   3395 |   3213 |    182 |      8 |   2620 |   4 |  848.8 |
               +--------+--------+--------+--------+--------+-----+--------+

Top non-repeatable levels by time:
     D:3: 1144 daAuts
     D:2: 1051 daAuts
     D:1: 741 daAuts
     D:4: 458 daAuts
